 Dungeon Crawl Stone Soup version 0.30-a0-830-gfe289a77b0 (webtiles) character file.

Game seed: 18308835028738807505

172 bjtr the Digger (level 5, -1/30 HPs)
             Began as a Gargoyle Earth Elementalist on Mar 1, 2023.
             Slain by a killer bee (6 damage)
             ... on level 3 of the Dungeon.
             The game lasted 00:09:14 (3151 turns).

bjtr the Digger (Gargoyle Earth Elementalist)       Turns: 3151, Time: 00:09:15

Health: -1/30      AC:  9    Str: 11    XL:     5   Next: 52%
Magic:  6/8        EV: 11    Int: 18    God:
Gold:   133        SH:  0    Dex: 10    Spells: 3/9 levels left

rFire   . . .      SeeInvis .    a - +2 short sword (elec)
rCold   . . .      Faith    .    (no shield)
rNeg    + . .      Spirit   .    h - +0 leather armour
rPois   ∞          Reflect  .    p - +0 helmet
rElec   +          Harm     .    (no cloak)
rCorr   .          Rampage  .    i - +0 pair of gloves
Will    .....                    (no boots)
Stlth   ++                       (no amulet)
HPRegen 0.25/turn                (no ring)
MPRegen 0.11/turn                (no ring)

@: no status effects
A: sickness immunity, AC +4, negative energy resistance 1, electricity
resistance, torment resistance 1, petrification resistance
a: no special abilities


You were on level 3 of the Dungeon.
You visited 1 branch of the dungeon, and saw 4 of its levels.

You collected 133 gold pieces.

Inventory:

Hand Weapons
 a - a +2 short sword of electrocution (weapon)
 j - a +0 war axe
 u - a +0 mace
Armour
 h - a +0 leather armour (worn)
 i - a +0 pair of gloves (worn)
 p - a +0 helmet (worn)
Jewellery
 t - a ring of see invisible
Scrolls
 d - 9 scrolls of identify {unknown}
 e - 2 scrolls of immolation {unknown}
 f - a scroll of amnesia {unknown}
 k - a scroll of fog {unknown}
 r - a scroll of enchant armour {unknown}
Potions
 b - a potion of magic
 c - 3 potions of curing {unknown}
 g - 2 potions of attraction {unknown}
 l - a potion of ambrosia {unknown}
 m - a potion of degeneration {unknown}
 n - a potion of might {unknown}
 o - 2 potions of mutation {unknown}
 q - 3 potions of heal wounds {unknown}
 s - a potion of brilliance {unknown}


   Skills:
 + Level 1.9 Fighting
 + Level 1.5 Armour
 - Level 1.5 Dodging
 - Level 2.1 Stealth
 + Level 2.5 Spellcasting
 + Level 1.8 Conjurations
 - Level 0.7 Transmutations
 * Level 5.0 Earth Magic
 + Level 1.5 Evocations


You had 3 spell levels left.
You knew the following spells:

 Your Spells              Type           Power      Damage    Failure   Level
a - Sandblast             Erth           40%        2d10      3%          1
b - Passwall              Tmut/Erth      10%        N/A       11%         2
c - Stone Arrow           Conj/Erth      28%        3d8       17%         3

Your spell library contained the following spells:

 Spells                   Type           Power      Damage    Failure   Level
 Petrify                  Tmut/Erth      12%        N/A       56%         4


Dungeon Overview and Level Annotations

Branches:
Dungeon (4/15)
 Temple: D:4-7

Altars:

Shops:
D:1 :

Annotations:
D:4 Ijyb


Innate Abilities, Weirdness & Mutations

You are immune to sickness and miasma.
Your stone body is resilient. (AC +4)
You are immune to poison.
You resist negative energy. (rN+)
You are resistant to electric shocks. (rElec)
You are resistant to unholy torment.
You are immune to petrification.


Message History

The killer bee buzzes angrily.
The killer bee stings you. The killer bee completely misses you.
Ijyb the Twisted Goblin comes into view.
She is wielding a +0 dagger and carrying a wand of paralysis (11).
The killer bee attacks as you move away!
The killer bee closely misses you.
The killer bee buzzes angrily.
The killer bee stings you! The killer bee stings you.
The killer bee barely misses you.
The killer bee attacks as you move away!
The killer bee stings you but does no damage.
The killer bee attacks as you move away!
The killer bee barely misses you. The killer bee closely misses you.
The killer bee attacks as you move away!
The killer bee stings you but does no damage.
The killer bee misses you.
There is an escape hatch in the ceiling here.
The killer bee stings you. x2
* * * LOW HITPOINT WARNING * * *
A mysterious force pulls you upwards. The hatch slams shut behind you.
Casting: Sandblast (safe; 3% risk of failure)
Confirm with . or Enter, or press ? or * to list all spells.
Aiming: Sandblast (safe; 3% risk of failure)
Press: ? - help, Shift-Dir - straight line, f - killer bee
Aim: a killer bee (65% to hit)
The blast of sand hits the killer bee!
The killer bee is heavily wounded.
The killer bee stings you.
* * * LOW HITPOINT WARNING * * *
The killer bee stings you.
* * * LOW HITPOINT WARNING * * *
The killer bee barely misses you.
Casting: Sandblast (safe; 3% risk of failure)
Confirm with . or Enter, or press ? or * to list all spells.
Aiming: Sandblast (safe; 3% risk of failure)
Press: ? - help, Shift-Dir - straight line, f/p - killer bee
Aim: a killer bee (heavily wounded, 65% to hit)
The blast of sand hits the killer bee.
The killer bee is severely wounded.
The killer bee stings you.
You die...

###...........# #.#.#....#.#.
#..########## #.#.'....#.#. #..#
#.###....#.#. ##.# #.#..#+#.#.#.
######.##############.#....#.#.#.
.................................
##########........########.....#.
########........## #.#.#.#.
#.............@..# #.#.#.#.
###.######.....y...# #.#...#.
#....# #.........#######.#.###.
#....# #.................#...#.
#....# #.[......##########.#...
#....# #####...............#...
#....# #.###############...
###.## #.#................. ###.#
#.#.#############...


You could see a killer bee.

Vanquished Creatures
  An orc priest (D:3)
  An iguana (D:3)
  An orc wizard (D:3)
  3 adders
  5 worms (D:3)
  A dart slug (D:1)
  3 orcs
  5 endoplasms
  2 giant cockroaches (D:1)
  3 goblins
  5 hobgoblins
  4 kobolds
  5 ball pythons
  4 bats
  5 frilled lizards
  3 rats
51 creatures vanquished.

Notes
Turn   | Place    | Note
-------+----------+-------------------------------------------
     0 | D:1      | bjtr the Gargoyle Earth Elementalist began the quest for
                  | the Orb.
     0 | D:1      | Reached XP level 1. HP: 10/10 MP: 3/3
   183 | D:1      | Reached XP level 2. HP: 16/16 MP: 3/5
   191 | D:1      | Learned a level 2 spell: Passwall
   249 | D:1      | Found Vaopi's Book Boutique.
   405 | D:1      | Reached skill level 4 in Earth Magic
   591 | D:1      | Reached XP level 3. HP: 20/20 MP: 3/6
  1129 | D:2      | Reached skill level 1 in Conjurations
  1327 | D:2      | Found a faded altar of an unknown god.
  1400 | D:2      | Reached skill level 1 in Fighting
  1778 | D:3      | Reached skill level 1 in Evocations
  1893 | D:3      | Reached XP level 4. HP: 19/25 MP: 0/7
  1913 | D:3      | Reached skill level 1 in Armour
  2362 | D:3      | Reached XP level 5. HP: 18/29 MP: 4/8
  3092 | D:4      | Reached skill level 5 in Earth Magic
  3097 | D:4      | Learned a level 3 spell: Stone Arrow
  3144 | D:4      | Noticed Ijyb
  3151 | D:3      | Slain by a killer bee

Illustrated notes

Levels and vault maps discovered:
D:1:      zaba_arrival_water, layout_basic, serial_shops,
          nicolae_shop_behind_doors
D:2:      layout_basic, chequers_ecumenical_altar_island
D:3:      layout_basic, nicolae_wormholes
D:4:      layout_loops_ring, mainiacjoe_overflow_catch_the_wave,
          grunt_gozag_statues, uniq_ijyb

Skill      XL: |  1  2  3  4  5 |
---------------+----------------+-----
Earth Magic    | 4 5 |  5.0
Conjurations   | 1 |  1.8
Fighting       | 1 |  1.9
Evocations     | 1 |  1.5
Armour         | 1 |  1.5
Dodging        | |  1.5
Stealth        | |  2.1
Spellcasting   | |  2.5
Transmutations | |  0.7

Action                     |  1- 3 |  4- 6 || total
---------------------------+-------+-------++-------
  Melee: Club              |     1 |       ||     1
         Short sword       |    28 |     9 ||    37
   Cast: Sandblast         |    47 |    26 ||    73
   Stab: Sleeping          |       |     1 ||     1
 Armour: Leather armour    |    13 |     6 ||    19
         Robe              |     1 |       ||     1
  Dodge: Dodged            |    16 |    14 ||    30

Table legend: (Time is in decaauts)
 A = Elapsed time spent in this place.
 B = Non-inter-level travel time spent in this place.
 C = Inter-level travel time spent in this place.
 D = Time resting spent in this place.
 E = Time spent auto-exploring this place.
 F = Levels seen in this place.
 G = Mean time per level.
                   A        B        C        D        E       F      G
               +--------+--------+--------+--------+--------+-----+--------+
         Total |   3198 |   2947 |    251 |     80 |   2327 |   4 |  799.5 |
       Dungeon |   3198 |   2947 |    251 |     80 |   2327 |   4 |  799.5 |
               +--------+--------+--------+--------+--------+-----+--------+

Top non-repeatable levels by time:
     D:3: 1299 daAuts
     D:2: 919 daAuts
     D:1: 917 daAuts
     D:4: 62 daAuts
